[Event "Schack-SM 2024: Mastarklassen"]
[Site "Fortnox Arena, Hejaregatan 5, Vaxjo, Sweden"]
[Date "2024.07.04"]
[Round "6.6"]
[White "Nygren, David"]
[Black "Joensson, Jacob"]
[Result "1/2-1/2"]
[TimeControl "90 minutes for 40 moves + 30 minutes for the rest of the game + 30 seconds per move from move one."]
[WhiteElo "2132"]
[BlackElo "2068"]

1. e4 e5 2. Nf3 Nc6 3. Bb5 Nf6 4. d3 Bc5 5. O-O Nd4 6. Nxd4 Bxd4 7. c3 Bb6 8. Qe2 c6 9. Ba4 d6 10.
Be3 Be6 11. Nd2 O-O 12. Bb3 Qe7 13. Bxe6 fxe6 14. Nc4 Bxe3 15. Qxe3 b5 16. Na5 Qc7 17. Nb3 c5 18. Nd2 Rab8 19.
Qh3 Qe7 20. Rae1 b4 21. c4 Nd7 22. g3 Rf6 23. Qh5 Rbf8 24. Qd1 Qf7 25. f3 Nb8 26. Qa4 Qc7 27. a3 Nc6 28. axb4 Nxb4 29.
Qb3 Nc6 30. Ra1 Nd4 31. Qa4 Nxf3+ 32. Nxf3 Rxf3 33. Rxf3 Rxf3 34. Qe8+ Rf8 35. Qxe6+ Qf7 36. Qxf7+ Rxf7 37. Ra6 Rd7 38.
Kf2 Kf7 39. Ke3 Ke6 40. Kd2 Rf7 41. Kc3 Rb7 42. b3 h5 43. Ra2 g6 44. Rf2 Rb8 45. h3 Ke7 46. g4 hxg4 47. hxg4 Rh8 48.
Ra2 Rh4 49. Rxa7+ Ke6 50. b4 cxb4+ 51. Kxb4 Rxg4 52. Ra6 Rg3 53. Kc3 Kd7 54. Ra7+ Kc6 55. Ra6+ Kc5 56. Ra5+ Kc6 57. Rd5 Rg1 58.
Kd2 Rg2+ 59. Ke3 Rc2 60. Kf3 Kd7 61. Kg4 Ke6 62. Kf3 Ke7 63. Ra5 Ke6 64. Ra7 Kf6 65. Rd7 Ke6 66. Rh7 Kf6 67.
Rh3 Ke6 68. Rg3 Kf6 69. Rg1 Rd2 70. Rf1 Ke6 71. Ke3 Rc2 72. Rf8 Ke7 73. Rf1 Ke6 74. Rf8 1/2-1/2

[Event "Schack-SM 2024: Mastarklassen"]
[Site "Fortnox Arena, Hejaregatan 5, Vaxjo, Sweden"]
[Date "2024.07.04"]
[Round "6.7"]
[White "Joensson, Oscar"]
[Black "Walinder, Lars"]
[Result "1/2-1/2"]
[TimeControl "90 minutes for 40 moves + 30 minutes for the rest of the game + 30 seconds per move from move one."]
[BlackTitle "FM"]
[WhiteElo "1989"]
[BlackElo "2233"]

1. d4 Nf6 2. c4 e6 3. g3 Bb4+ 4. Bd2 Be7 5. Bg2 d5 6. Nf3 O-O 7. O-O c6 8. Qc2 Nbd7 9. Nc3 dxc4 10.
Nd1 c5 11. Qxc4 Nb6 12. Qd3 cxd4 13. Qxd4 Qxd4 14. Nxd4 Rd8 15. Nb3 Nc4 16. Bc3 Nd5 17. Rc1 Nxc3 18. Rxc3 Nd2 19. Nxd2 Rxd2 20.
Rc7 Bd8 21. Bxb7 Bxc7 22. Bxa8 Ba6 23. Bf3 Be5 24. a3 g6 25. Re1 Bxb2 26. Nxb2 Rxb2 27. Rc1 Bb5 28. Rc8+ Kg7 29. Rb8 Rb3 30.
a4 Bxa4 31. Ra8 Rb2 32. Rxa7 Bd1 33. Kf1 1/2-1/2

[Event "Schack-SM 2024: Mastarklassen"]
[Site "Fortnox Arena, Hejaregatan 5, Vaxjo, Sweden"]
[Date "2024.07.04"]
[Round "6.8"]
[White "Carlstrom, Niklas"]
[Black "Lind, Jan-Olov"]
[Result "0-1"]
[TimeControl "90 minutes for 40 moves + 30 minutes for the rest of the game + 30 seconds per move from move one."]
[WhiteElo "2100"]
[BlackElo "2135"]

1. e4 c5 2. Nc3 e6 3. Nf3 d5 4. exd5 exd5 5. Bb5+ Nc6 6. d4 Nf6 7. O-O Be7 8. dxc5 O-O 9. Bxc6 bxc6 10.
Be3 Bg4 11. Bd4 Ne4 12. b4 Ng5 13. Qd3 Nxf3+ 14. gxf3 Bh3 15. Rfe1 Bxc5 16. Kh1 Bxd4 17. Qxd4 Qb6 18. Qh4 Bf5 19.
Rg1 Rfe8 20. Rae1 Bg6 21. a4 a5 22. b5 Qc5 23. Ne2 cxb5 24. axb5 Qxb5 25. Nf4 a4 26. Rb1 Qc6 27. Nxg6 fxg6 28.
Qd4 Reb8 29. Rxb8+ Rxb8 30. Re1 h6 31. Re7 Qf6 32. Qxd5+ Kh7 33. Ra7 Rd8 34. Qe4 Rd1+ 35. Kg2 Qa1 36.
Qe3 Rg1+ 37. Kh3 Qf1+ 38. Kh4 g5+ 0-1

[Event "Schack-SM 2024: Mastarklassen"]
[Site "Fortnox Arena, Hejaregatan 5, Vaxjo, Sweden"]
[Date "2024.07.04"]
[Round "6.9"]
[White "Lindborg, Patrik"]
[Black "Granath, Jonas"]
[Result "1-0"]
[TimeControl "90 minutes for 40 moves + 30 minutes for the rest of the game + 30 seconds per move from move one."]
[WhiteElo "2162"]
[BlackElo "1948"]

1. d4 d5 2. c4 e6 3. Nc3 c5 4.
cxd5 cxd4 5. Qa4+ Bd7 6. Qxd4 exd5 7. Qxd5 Nf6 8. Qd1 Bc5 9. Nf3 O-O 10. e3 Qe7 11. Be2 Nc6 12. O-O Ne5 13.
Nd4 Rfd8 14. Qc2 Rac8 15. Rd1 h5 16. Bd2 Neg4 17. Be1 b5 18. a3 a5 19. Qb3 b4 20. axb4 axb4 21. Ncb5 Bxb5 22.
Bxb5 Nxh2 23. Nc6 Rxc6 24. Rxd8+ Qxd8 25. Bxc6 Qd6 26. Bb5 Nhg4 27. Ra8+ Kh7 28. Qd3+ g6 29. Qxd6 Bxd6 30. Ra4 Nd5 31.
e4 Nb6 32. Ra6 Bc5 33. Kf1 Nf6 34. f3 Nfd7 35. Bf2 Bxf2 36. Kxf2 Kg7 37. Ra7 Ne5 38. Rb7 Nc8 39. Be2 Nc6 40.
Rc7 N8e7 41. Bb5 Nd4 42. Rxe7 Nxb5 43. Rb7 1-0

[Event "Schack-SM 2024: Mastarklassen"]
[Site "Fortnox Arena, Hejaregatan 5, Vaxjo, Sweden"]
[Date "2024.07.04"]
[Round "6.10"]
[White "Ostensson, Julia"]
[Black "Sundin, Emanuel"]
[Result "1/2-1/2"]
[TimeControl "90 minutes for 40 moves + 30 minutes for the rest of the game + 30 seconds per move from move one."]
[WhiteElo "2004"]
[BlackElo "2165"]

1. e4 d5 2. exd5 Nf6 3. Bb5+ Nbd7 4. d4 Nxd5 5. Nf3 c6 6. Be2 g6 7. O-O Bg7 8. c4 N5f6 9. Nc3 O-O 10.
Bf4 Nb6 11. h3 Bf5 12. Qb3 Qc8 13. Rfd1 Ne4 14. Rac1 Nxc3 15. bxc3 Nd7 16. c5 b6 17. cxb6 axb6 18. c4 Qa6 19.
Rd2 Qa3 20. Qxa3 Rxa3 21. g4 e5 22. dxe5 Be6 23. Rcd1 Nc5 24. Kg2 Ne4 25. Rd3 Rxa2 26. Nd2 Bxc4 27. Nxc4 Rxe2 28. Kf3 Rc2 29.
Ne3 Rxf2+ 30. Kxe4 Rb2 31. R1d2 Rb5 32. Rd6 Re8 33. Rd8 Kf8 34. Rxe8+ Kxe8 35. Rd6 Rc5 36. Rd4 b5 37. g5 Rc3 38. Ng4 c5 39. Rd3 Rc4+ 40.
Ke3 Ke7 41. Rd6 b4 42. Nf6 Rc3+ 43. Kd2 Rxh3 44. Nd5+ Ke8 45. Nc7+ Ke7 46. Nd5+ Ke8 47. Nc7+ Ke7 48. Nd5+ 1/2-1/2

[Event "Schack-SM 2024: Mastarklassen"]
[Site "Fortnox Arena, Hejaregatan 5, Vaxjo, Sweden"]
[Date "2024.07.04"]
[Round "6.11"]
[White "Johnson, Daniel"]
[Black "Karlsson, Stefan 2005"]
[Result "1-0"]
[TimeControl "90 minutes for 40 moves + 30 minutes for the rest of the game + 30 seconds per move from move one."]
[WhiteElo "2126"]
[BlackElo "2072"]

1. d4 Nf6 2. c4 g6 3. f3 Bg7 4. e4 d6 5. Nc3 O-O 6. Nge2 a6 7. Be3 Nc6 8. Rb1 b5 9. cxb5 axb5 10.
Nxb5 Rxa2 11. Na3 Nd7 12. Nc3 Rxa3 13. bxa3 e5 14. d5 Nd4 15. Nb5 f5 16. exf5 Nxf5 17. Bf2 Nf6 18. Bd3 Ne7 19.
Nc3 Kh8 20. Qb3 Nh5 21. Ne2 Nf6 22. Nc3 Nh5 23. Ne2 Nf6 24. Bc4 e4 25. Nd4 Nf5 26. O-O Nh5 27. Nc6 Qe8 28. Rbe1 Nf6 29.
fxe4 Nxe4 30. Qc2 Nxf2 31. Rxe8 Nh3+ 32. gxh3 Rxe8 33. Bd3 Ne3 34. Qe2 Bxh3 35. Rf3 Bd7 36. Rxe3 Ra8 37. Re7 1-0

[Event "Schack-SM 2024: Mastarklassen"]
[Site "Fortnox Arena, Hejaregatan 5, Vaxjo, Sweden"]
[Date "2024.07.03"]
[Round "5.10"]
[White "Lind, Jan-Olov"]
[Black "Arvidsson, Jonas"]
[Result "1-0"]
[TimeControl "90 minutes for 40 moves + 30 minutes for the rest of the game + 30 seconds per move from move one."]
[WhiteElo "2135"]
[BlackElo "1960"]

1. Nf3 d5 2. g3 Nf6 3. Bg2 g6 4. O-O Bg7 5. d3 O-O 6. Nbd2 c6 7. e4 dxe4 8. dxe4 Nbd7 9. Qe2 Qc7 10.
e5 Ng4 11. e6 Nb6 12. exf7+ Kh8 13. Re1 Rxf7 14. h3 Nf6 15. Ng5 Rf8 16. Ndf3 h6 17. Ne6 Bxe6 18. Qxe6 Rae8 19. Ne5 Kh7 20.
Nxg6 1-0

[Event "Schack-SM 2024: Mastarklassen"]
[Site "Fortnox Arena, Hejaregatan 5, Vaxjo, Sweden"]
[Date "2024.07.03"]
[Round "5.11"]
[White "Granath, Jonas"]
[Black "Willstedt, Lukas"]
[Result "1/2-1/2"]
[TimeControl "90 minutes for 40 moves + 30 minutes for the rest of the game + 30 seconds per move from move one."]
[WhiteElo "1948"]
[BlackElo "2082"]

1. e4 c6 2. d4 d5 3. f3 e6 4. Nc3 Bb4 5. Bd2 Ne7 6. Bd3 Nd7 7. Nge2 dxe4 8. fxe4 e5 9. a3 Ba5 10.
O-O Bb6 11. Na4 exd4 12. Nxb6 Qxb6 13. Nf4 Ne5 14. Qh5 N7g6 15. Nxg6 Nxg6 16. Ba5 Bg4 17. Qg5 h6 18. Qxg4 Qxa5 19.
Bc4 Rf8 20. Rxf7 Ne7 21. Rxf8+ Kxf8 22. Rf1+ Ke8 23. Qxg7 Qc5 24. Be6 Kd8 25. Kh1 Kc7 26. h3 Kb6 27. Rf7 Re8 28. b4 Qd6 29.
Bc4 Rg8 30. Qf6 Qxf6 31. Rxf6 Rg6 32. Rxg6 Nxg6 33. g3 Ne5 34. Bd3 a5 35. Kg2 c5 36. bxc5+ Kxc5 37. Kf2 b5 38. Ke2 a4 39.
g4 b4 40. Kd2 bxa3 41. Kc1 Kb4 42. Kb1 Kc3 43. Ka2 Nxd3 44. cxd3 Kxd3 45. e5 Kc3 46. e6 d3 47. e7 d2 48.
e8=Q d1=Q 49. Qc6+ Kb4 50. Qb6+ Kc4 51. Qc6+ 1/2-1/2

[Event "Schack-SM 2024: Mastarklassen"]
[Site "Fortnox Arena, Hejaregatan 5, Vaxjo, Sweden"]
[Date "2024.07.03"]
[Round "5.12"]
[White "Joensson, Oscar"]
[Black "Malm, Simon 1995"]
[Result "1-0"]
[TimeControl "90 minutes for 40 moves + 30 minutes for the rest of the game + 30 seconds per move from move one."]
[WhiteElo "1989"]
[BlackElo "1948"]

1. d4 d5 2. c4 c6 3. Nf3 Nf6 4. Qb3 e6 5. g3 dxc4 6. Qxc4 b5 7. Qc2 Bb7 8. Bg2 Nbd7 9. a4 a6 10.
O-O c5 11. Bg5 Qb6 12. axb5 axb5 13. Rxa8+ Bxa8 14. Nc3 Be7 15. dxc5 Bxc5 16. Qb3 Ng4 17. Qxb5 Bxf2+ 18. Kh1 f6 19.
Bd2 Be3 20. Qh5+ g6 21. Qxg4 Bxf3 22. Qxf3 Bxd2 23. Ne4 Bb4 24. Nxf6+ Nxf6 25. Qa8+ Qd8 26. Qa4+ Kf7 27. Qxb4 Re8 28.
Qc3 e5 29. h3 Kg7 30. b4 Qd6 31. Bc6 Re7 32. b5 Rc7 33. Qb3 Qd4 34. Kg2 Ne4 35. Qf3 1-0

[Event "Schack-SM 2024: Mastarklassen"]
[Site "Fortnox Arena, Hejaregatan 5, Vaxjo, Sweden"]
[Date "2024.07.03"]
[Round "5.13"]
[White "Ask, Josef"]
[Black "Johnson, Daniel"]
[Result "1/2-1/2"]
[TimeControl "90 minutes for 40 moves + 30 minutes for the rest of the game + 30 seconds per move from move one."]
[WhiteTitle "FM"]
[WhiteElo "2136"]
[BlackElo "2126"]

1. Nf3 d5 2. b3 Nf6 3. Bb2 c6 4. g3 Bf5 5. Bg2 h6 6. d3 e6 7. O-O Bh7 8. Nbd2 Be7 9. a3 a5 10.
Ra2 O-O 11. Qa1 Nbd7 12. h3 Qb6 13. Ne5 Nxe5 14. Bxe5 Rfd8 15. Kh2 Ne8 16. e3 Bf6 17. Nf3 Bxe5 18. Qxe5 Qc7 19. Qa1 c5 20.
Nd2 Nf6 21. f4 b5 22. a4 b4 23. Rf2 Rac8 24. Qh1 Qb6 25. Re2 Qc7 26. Rf2 Ne8 27. e4 dxe4 28. Nxe4 Nd6 29. Nxd6 Rxd6 30.
Ra1 Rd4 31. Re1 Qd6 32. Rfe2 h5 33. h4 g5 34. hxg5 c4 35. dxc4 Bf5 36. Qf1 Rc5 37. Qf2 h4 38. Re5 hxg3+ 39. Kxg3 Rxe5 40.
Rxe5 Rd2 41. Re2 Rxc2 42. Rxc2 Qd3+ 43. Bf3 Qxc2 44. Qe3 Qc3 45. Kf2 Bc2 46. c5 Bxb3 47. Qxc3 bxc3 48. Ke3 Bxa4 49.
c6 Bb5 50. c7 Ba6 51. Bc6 Bc8 52. Kd3 Kf8 53. Kxc3 Ke7 54. Kc4 Kd6 55. Be8 Ke7 56. Ba4 Kd6 57. Kd4 Kxc7 58. Be8 Kd6 59.
Bxf7 a4 60. g6 Ke7 61. Kc3 Bd7 62. Kb4 Kf6 63. Ka3 Bb5 64. Kb4 Bc6 65. Ka3 Ke7 66. Kb4 Be8 67. Bxe8 Kxe8 68. Kxa4 Ke7 69.
Kb4 Kf6 70. g7 Kxg7 71. Kc5 Kf6 1/2-1/2

[Event "Schack-SM 2024: Mastarklassen"]
[Site "Fortnox Arena, Hejaregatan 5, Vaxjo, Sweden"]
[Date "2024.07.03"]
[Round "5.14"]
[White "Karlsson, Jorgen"]
[Black "Neretljak, Nedzad"]
[Result "1/2-1/2"]
[TimeControl "90 minutes for 40 moves + 30 minutes for the rest of the game + 30 seconds per move from move one."]
[BlackTitle "CM"]
[WhiteElo "2020"]
[BlackElo "2048"]

1. g3 e5 2. Bg2 d5 3. c4 d4 4. b4 a5 5. b5 c6 6. a4 Bb4 7. Ba3 c5 8. Bxb4 axb4 9. d3 Nf6 10.
Nd2 Ra7 11. Nb3 b6 12. a5 Nbd7 13. axb6 Qxb6 14. Rxa7 Qxa7 15. Qa1 Qxa1+ 16. Nxa1 Nb6 17. Nh3 h6 18. Nb3 Nfd7 19. Kd2 Ke7 20. Ra1 Kd6 21. Ra7 f5 22. e3 dxe3+ 23. Kxe3 g5 24.
f3 Re8 25. Nf2 Nf6 26. Na5 Nbd7 27. Kd2 h5 28. h3 Rf8 29. Nd1 e4 30. Nc6 exd3 31. Nb2 g4 32. hxg4 hxg4 33. Nxd3 gxf3 34. Bxf3 Rg8 35. Ke3 Rxg3 36.
Na5 Ne4 37. Kf4 Rg7 38. Ne5 Ng5 39. Nxd7 Nxf3 40. Kxf3 Rxd7 41. b6 b3 42. Nxb3 Rb7 43. Rxb7 Bxb7+ 44. Kf4 Kc6 45. Na5+ Kxb6 46.
Nxb7 Kxb7 47. Kxf5 Kc8 48. Ke6 Kd8 49. Kd6 Kc8 50. Kxc5 Kc7 51. Kd5 1/2-1/2

[Event "Schack-SM 2024: Mastarklassen"]
[Site "Fortnox Arena, Hejaregatan 5, Vaxjo, Sweden"]
[Date "2024.07.03"]
[Round "5.1"]
[White "Ljung, Harald"]
[Black "Bjorkman, Filip"]
[Result "1-0"]
[TimeControl "90 minutes for 40 moves + 30 minutes for the rest of the game + 30 seconds per move from move one."]
[WhiteElo "2101"]
[BlackElo "2116"]

1. Nf3 Nf6 2. c4 g6 3. g3 c6 4. Bg2 Bg7 5. O-O O-O 6. d3 d5 7. Nbd2 Re8 8. cxd5 cxd5 9. e4 dxe4 10.
dxe4 Nc6 11. Re1 e5 12. b3 Bg4 13. Bb2 Nb4 14. Qb1 Rc8 15. Rd1 Qd3 16. Qxd3 Nxd3 17. Ba3 Rc2 18. Rf1 b5 19.
h3 Bc8 20. Rad1 Bh6 21. Nb1 Nxf2 22. Rxf2 Be3 23. Nfd2 Rxa2 24. Kf1 Bxf2 25. Kxf2 Bb7 26. Ke3 Nh5 27. Bc5 Rc8 28. b4 a5 29.
Bf3 Ng7 30. Nb3 axb4 31. Bxb4 Rb2 32. N1d2 Ne6 33. Bg4 Rd8 34. Bxe6 fxe6 35. Rb1 Rxb1 36. Nxb1 Rd1 37. N1d2 Kf7 38.
Nc5 Bc8 39. Nd3 Rh1 40. h4 Bb7 41.
Nxe5+ Kf6 42. Nd7+ Kf7 43. Nc5 Bc8 44. Nd3 Rd1 45. Nc5 Rg1 46. Kf4 h6 47. Nf3 Rf1 48. Ke3 Rb1 49. Ne5+ Kg7 50.
Ned3 Rg1 51. Bc3+ Kh7 52. Be5 g5 53. hxg5 hxg5 54. Kd4 Rd1 55. Kc3 Kg6 56. Kb4 Rb1+ 57. Nb2 Kh5 58. Kxb5 Kg4 59.
Kc4 Kf3 60. Kd3 Ra1 61. Nc4 Rc1 62. Bf6 Kxg3 63. Bxg5 Rd1+ 64. Bd2 e5 65. Nxe5 Bh3 66. Nc4 Bf1+ 67. Kc2 Ra1 68. Ne3 Bh3 69. Kd3 Ra8 70. Bc3 Rd8+ 71. Bd4 Kf4 72. Nd5+ Kf3 73.
Bf6 Rd6 74. Kd4 Rc6 75. e5 Kg4 76. Ne3 Kf3 77. Nc4 Kf4 78. Nd6 Rb6 79. Kd5 Rb1 80. Kc6 Rc1 81. Kd5 Rd1+ 82. Kc4 Bf1+ 83.
Kb4 Rb1+ 84. Nb3 Bh3 85. Kc3 Re1 86. Nc5 Rc1+ 87. Kd4 Rd1+ 88. Nd3 Kf3 89. Kc3 Be6 90. Nb5 Bh3 91. Nd4 Kg3 92.
Ne2 Kf3 93. Nd4 Kg2 94. Nf4+ Kg3 95. Nxh3 Kxh3 96. Kc4 Re1 97. Kd5 Kg2 98. e6 Rxe6 99. Kxe6 Kg3 100. Kf5 Kg2 101. Ke4 Kg3 102. Be5+ Kg2 103.
Bf4 Kf2 104. Nf5 Kg2 105. Be3 Kh3 106. Kf3 Kh2 107. Ng3 Kh3 108. Bg1 Kh4 109. Ne4 Kh5 110. Kf4 Kg6 111. Ng5 Kf6 112. Bc5 Kg6 113. Bd4 Kh5 114.
Kf5 Kh4 115. Bf2+ Kh5 116. Bg3 Kh6 117. Ne6 Kh7 118. Kg5 Kh8 119. Kg6 Kg8 120. Bd6 Kh8 121. Nd4 Kg8 122. Nf5 Kh8 123.
Bf8 Kg8 124. Bh6 1-0

[Event "Schack-SM 2024: Mastarklassen"]
[Site "Fortnox Arena, Hejaregatan 5, Vaxjo, Sweden"]
[Date "2024.07.03"]
[Round "5.2"]
[White "Collett, Peter"]
[Black "Muntean, Victor"]
[Result "0-1"]
[TimeControl "90 minutes for 40 moves + 30 minutes for the rest of the game + 30 seconds per move from move one."]
[WhiteTitle "CM"]
[WhiteElo "2116"]
[BlackElo "2136"]

1. d4 Nf6 2. c4 g6 3. Nc3 Bg7 4. e4 d6 5. f3 O-O 6. Bg5 Nc6 7. Nge2 a6 8. Qd2 Rb8 9. Rc1 Bd7 10.
Nd1 b5 11. c5 d5 12. e5 Ne8 13. g3 f6 14. exf6 Nxf6 15. Bg2 e5 16. O-O exd4 17. Nxd4 Nxd4 18. Qxd4 Bc6 19. Qd2 d4 20.
Nf2 Qd7 21. Rfe1 Rbe8 22. Rxe8 Rxe8 23. Re1 Rxe1+ 24. Qxe1 h6 25. Bxf6 Bxf6 26. Bh3 Qe7 27. Qxe7 Bxe7 28. Ne4 b4 29.
Kf2 Kf7 30. Ke2 Bb5+ 31. Kd2 h5 32. Bc8 a5 33. f4 a4 34. b3 a3 35. c6 Bxc6 36. Kd3 Bd5 37. Nd2 c5 38. Bd7 g5 39.
fxg5 Bxg5 40. Nc4 Kf6 41. h4 Bh6 42. g4 hxg4 43. Bxg4 Bg8 44. Bf3 Kf5 45. Be4+ Kf4 46. Bg6 Kg3 47.
h5 Kf2 48. Na5 Ke1 49. Kc2 Bd5 50. Nc4 Bf3 51. Ne5 Bd1+ 52. Kb1 Kd2 53. Nf7 Be3 54. h6 d3 55. Bxd3 Kxd3 56. Ne5+ Kc3 57.
h7 Bc2+ 58. Ka1 Bc1 59. Nd3 Bb2+ 60. Nxb2 axb2# 0-1

[Event "Schack-SM 2024: Mastarklassen"]
[Site "Fortnox Arena, Hejaregatan 5, Vaxjo, Sweden"]
[Date "2024.07.03"]
[Round "5.3"]
[White "Mashhadi, Peyman"]
[Black "Nygren, David"]
[Result "1-0"]
[TimeControl "90 minutes for 40 moves + 30 minutes for the rest of the game + 30 seconds per move from move one."]
[WhiteElo "2116"]
[BlackElo "2132"]

1. d4 Nf6 2. Nf3 e6 3. c4 c5 4. d5 exd5 5. cxd5 d6 6. Nc3 g6 7. Nd2 Nbd7 8. e4 a6 9. a4 Bg7 10.
Be2 O-O 11. O-O Re8 12. Qc2 Rb8 13. Ra3 Qc7 14. a5 b5 15. axb6 Rxb6 16. Kh1 Qb8 17. Ra2 h5 18. h3 Nh7 19.
Nc4 Rb4 20. Bd2 Qc7 21. Na4 Rb5 22. Bd3 Bd4 23. f4 Ndf8 24. e5 dxe5 25. fxe5 Bxh3 26. gxh3 Qd7 27. Bf4 Qxh3+ 28. Bh2 Bxe5 29.
Nxe5 Rxe5 30. Qf2 Ng5 31. Ra3 Re3 32. Bf5 Rxa3 33. Bxh3 Rxh3 34. Qg2 Rb4 35. Qxg5 Rbh4 36. Rf2 Nh7 37.
Qd8+ Kg7 38. Qe7 Kh6 39. d6 Rxa4 40. d7 Rd4 1-0

[Event "Schack-SM 2024: Mastarklassen"]
[Site "Fortnox Arena, Hejaregatan 5, Vaxjo, Sweden"]
[Date "2024.07.03"]
[Round "5.4"]
[White "Tuomainen, Felix"]
[Black "Joensson, Jacob"]
[Result "1-0"]
[TimeControl "90 minutes for 40 moves + 30 minutes for the rest of the game + 30 seconds per move from move one."]
[WhiteTitle "FM"]
[WhiteElo "2255"]
[BlackElo "2068"]

1. d4 Nf6 2. c4 e6 3. Nc3 d5 4. Nf3 Be7 5. Bg5 O-O 6. e3 h6 7. Bxf6 Bxf6 8. Rc1 c5 9. cxd5 cxd4 10.
Nxd4 exd5 11. Bb5 Qd6 12. O-O Nc6 13. Nb3 Rd8 14. Qc2 Be5 15. f4 Bxc3 16. bxc3 Ne7 17. Nd4 Bd7 18. Bd3 Rac8 19.
Qe2 Rc5 20. Bb1 Qa6 21. Qd2 Rdc8 22. Bd3 Qf6 23. f5 a6 24. Bb1 R5c7 25. a3 Bb5 26. Rf4 Bc4 27. h3 Nc6 28. Re1 Re7 29.
Nxc6 bxc6 30. Bd3 Bxd3 31. Qxd3 Rce8 32. c4 Re4 33. Rxe4 dxe4 34. Qd7 Rd8 35. Qc7 Qd6 36. Qa7 Qxa3 37.
Qc7 Qd6 38. Qxd6 Rxd6 39. Ra1 c5 40. Ra5 Rc6 41. Kf2 g5 42. fxg6 fxg6 43. Kg3 Kf7 44. Kf4 Re6 45. Rxc5 Kf6 46.
h4 h5 47. g3 Ke7 48. Rd5 Kf6 49. c5 a5 50. Rd4 Rc6 51. Rc4 a4 52. Rxa4 Rxc5 53. Ra6+ Kf7 54. Kxe4 g5 55. hxg5 Rxg5 56.
Kf4 Rg4+ 57. Kf3 Rg5 58. e4 Kg7 59. Rd6 Rg4 60. Rd5 Kg6 61. Rf5 Kh6 62. e5 Kg6 63. Rf4 Rg5 64. e6 Re5 65.
Re4 Rf5+ 66. Ke3 Rf8 67. Kd4 Kf6 68. Rf4+ Ke7 69. Rxf8 Kxf8 70. Ke5 Ke7 71. Kf5 1-0

[Event "Schack-SM 2024: Mastarklassen"]
[Site "Fortnox Arena, Hejaregatan 5, Vaxjo, Sweden"]
[Date "2024.07.03"]
[Round "5.5"]
[White "Walinder, Lars"]
[Black "Mardell, Jimmy"]
[Result "0-1"]
[TimeControl "90 minutes for 40 moves + 30 minutes for the rest of the game + 30 seconds per move from move one."]
[WhiteTitle "FM"]
[WhiteElo "2233"]
[BlackElo "2186"]

1. c4 c6 2. Nf3 d5 3. e3 Nf6 4. Nc3 a6 5.
Qc2 e6 6. b3 c5 7. cxd5 exd5 8. d4 cxd4 9. Nxd4 Bd6 10. Be2 O-O 11. O-O Re8 12. Bb2 Nc6 13. Rad1 Ng4 14. Nf3 d4 15.
exd4 Nb4 16. Qd2 Bf5 17. h3 Nf6 18. d5 Bc2 19. Rc1 Bg6 20. Rcd1 Qb8 21. Qd4 Nc2 22. Qh4 Ne4 23. Nxe4 Rxe4 24.
Qg5 Bf4 25. Be5 Bxg5 26. Bxb8 Rxe2 27. Bc7 Bd8 28. d6 Rc8 0-1

[Event "Schack-SM 2024: Mastarklassen"]
[Site "Fortnox Arena, Hejaregatan 5, Vaxjo, Sweden"]
[Date "2024.07.03"]
[Round "5.6"]
[White "Lindborg, Patrik"]
[Black "Liden, Tommy"]
[Result "0-1"]
[TimeControl "90 minutes for 40 moves + 30 minutes for the rest of the game + 30 seconds per move from move one."]
[WhiteElo "2162"]
[BlackElo "2123"]

1. d4 d5 2. c4 e6 3. Nc3 c6 4. Nf3 dxc4 5. a4 Bb4 6. e3 b5 7. Bd2 a5 8. axb5 Bxc3 9. Bxc3 cxb5 10.
b3 Bb7 11. bxc4 b4 12. Bb2 Nf6 13. Bd3 O-O 14. O-O Nbd7 15. Nd2 Qc7 16. f4 a4 17. e4 a3 18. Bc1 Qd6 19. d5 exd5 20.
cxd5 Ba6 21. Bxa6 Rxa6 22. Qe2 Re8 23. Kh1 Nxd5 24. Nc4 Qf6 25. Ne5 Nc3 26. Qc4 Nxe5 27. fxe5 Rc6 28. Qd3 Qxe5 29.
Bd2 h6 30. Qd7 Rc7 31. Qg4 Qe6 32. Qf3 Rd8 33. Bf4 Rcd7 34. e5 a2 35. h3 Rd3 36. Qb7 b3 0-1

[Event "Schack-SM 2024: Mastarklassen"]
[Site "Fortnox Arena, Hejaregatan 5, Vaxjo, Sweden"]
[Date "2024.07.03"]
[Round "5.7"]
[White "Sundin, Emanuel"]
[Black "Landgren, Andreas"]
[Result "0-1"]
[TimeControl "90 minutes for 40 moves + 30 minutes for the rest of the game + 30 seconds per move from move one."]
[BlackTitle "FM"]
[WhiteElo "2165"]
[BlackElo "2243"]

1. e4 e5 2. Nf3 Nc6 3. Bc4 Bc5 4. c3 Nf6 5. d4 exd4 6. e5 d5 7. Bb5 Ne4 8. cxd4 Bb6 9. Nc3 O-O 10.
Be3 Bg4 11. h3 Bh5 12. Qc2 Ba5 13. O-O Bxf3 14. gxf3 Ng5 15. Bxc6 Nxf3+ 16. Kh1 bxc6 17. Qf5 Nh4 18. Qg4 f5 19.
exf6 Qxf6 20. Ne2 Qf3+ 21. Qxf3 Rxf3 22. Ng1 Rf7 23. Rac1 Re8 24. Rfd1 Re6 25. Rc2 Nf5 26. Bf4 Nd6 27.
Be5 Nc4 28. Bg3 Bb6 29. Kg2 Rfe7 30. b3 Na3 31. Rcd2 Nb5 32. Nf3 Nc3 33. Rc1 Ne4 34. Re2 Nxg3 35. Rxe6 Rxe6 36. Kxg3 a5 37.
Rc2 Kf8 38. Kf4 Re4+ 39. Kg3 Re6 40. Kf4 Ke8 41. Kg3 Rf6 42. Rd2 Kd7 43. a3 c5 44. dxc5 Bxc5 45. Rxd5+ Kc6 46. Rg5 Bd6+ 47. Ne5+ Kd5 48.
f4 Ke4 49. Rg4 h5 50. Rh4 g6 51. Kg2 Rxf4 52. Rxf4+ Kxf4 53. Nc4 Ke4 54. Nxa5 Bxa3 55. Nc4 Bc1 56. Kf2 Kd4 57. Ke2 Kc3 58.
Ne5 g5 59. Nd3 Ba3 60. h4 g4 61. Nf4 Kxb3 62. Nxh5 Be7 63. Nf4 Bxh4 64. Ne6 Bg3 65. Kd3 Bd6 66. Nd4+ Kb4 67. Nf5 g3 68.
Ne3 c5 69. Nd5+ Kb3 70. Ne3 Bf4 71. Ng2 c4 72. Ke2 Bc7 73. Ne3 c3 74. Kd3 Bf4 75. Nc2 g2 76. Nd4+ Kb2 77. Ne2 c2 0-1

[Event "Schack-SM 2024: Mastarklassen"]
[Site "Fortnox Arena, Hejaregatan 5, Vaxjo, Sweden"]
[Date "2024.07.03"]
[Round "5.8"]
[White "Karlsson, Stefan 2005"]
[Black "Dingertz, Erik"]
[Result "0-1"]
[TimeControl "90 minutes for 40 moves + 30 minutes for the rest of the game + 30 seconds per move from move one."]
[WhiteElo "2072"]
[BlackElo "2081"]

1. e4 e5 2. Nf3 Nc6 3.
Bb5 a6 4. Ba4 Nf6 5. O-O b5 6.
Bb3 Bc5 7. c3 d6 8. a4 Rb8 9. d4 Bb6 10. a5 Ba7 11.
h3 Bb7 12. Be3 Ra8 13. Nbd2 O-O 14. Re1 exd4 15. cxd4 Nb4 16. e5 Nfd5 17. Ne4 Nxe3 18. Rxe3 dxe5 19. Nxe5 Bxd4 20. Nxf7 Rxf7 21. Bxf7+ Kxf7 22. Qh5+ Kg8 23. Ng5 h6 24.
Qf7+ Kh8 25. Ne6 Qf6 26. Qxf6 Bxf6 27.
Nxc7 Nc2 28. Nxa8 Nxe3 29. fxe3 Bxa8 30. Rc1 Be4 31. Rc8+ Kh7 32. Re8 Bd3 33. b4 Bc3 34. Re6 Bxb4 35.
Rxa6 Bc5 36. Kf2 Be4 37. Re6 Bd3 38. Ke1 Bb4+ 39. Kd1 Bxa5 40. Ra6 Bc3 41. Rd6 Be4 42. g4 Bf6 43. Rb6 Bd3 44.
e4 Bc3 45. h4 b4 46. e5 Kg8 47. e6 Kf8 48. g5 hxg5 49. hxg5 Ke7 50. g6 Bxg6 51. Rc6 Bf5 0-1

[Event "Schack-SM 2024: Mastarklassen"]
[Site "Fortnox Arena, Hejaregatan 5, Vaxjo, Sweden"]
[Date "2024.07.03"]
[Round "5.9"]
[White "Carlstrom, Niklas"]
[Black "Ostensson, Julia"]
[Result "1-0"]
[TimeControl "90 minutes for 40 moves + 30 minutes for the rest of the game + 30 seconds per move from move one."]
[WhiteElo "2100"]
[BlackElo "2004"]

1. d4 Nf6 2. Nc3 d5 3. Bf4 g6 4. e3 a6 5. h4 h6 6. Nf3 Bg4 7. Be2 c5 8. Ne5 Bxe2 9. Qxe2 Qa5 10.
O-O-O Nc6 11. Nxc6 bxc6 12. Be5 Bg7 13. h5 g5 14. f4 gxf4 15. exf4 c4 16. g4 O-O-O 17. g5 Rhg8 18. gxf6 exf6 19.
Qg4+ Kb7 20. Qf5 fxe5 21. Qxf7+ Ka8 22. dxe5 Bh8 23. Qe6 Qc7 24. Rhg1 Rge8 25. Qxh6 Qb6 26. Rg6 Rc8 27. Nxd5 Qc5 28.
Nc3 Re7 29. Rgd6 Rb7 30. Rd8 Qe3+ 31. R8d2 Rxb2 32. Kxb2 Rb8+ 33. Kc1 Qb6 34. Rd7 Qe3+ 35. R1d2 Qg1+ 36. Nd1 Qb6 37. R2d4 Qb1+ 38.
Kd2 c3+ 39. Nxc3 Qh1 40. Qh7 1-0